 Dungeon Crawl Stone Soup version 0.32-a0-7-ge934b4519a (webtiles) character file.

Game seed: 15849654362630958770

396 anacleto the Changeling (level 6, -11/54 HPs)
             Began as a Troll Shapeshifter on Jan 13, 2024.
             Mangled by an orc warrior
             ... wielding a +0 scimitar
              (18 damage)
             ... on level 4 of the Dungeon.
             The game lasted 00:04:44 (2826 turns).

anacleto the Changeling (Troll Shapeshifter)        Turns: 2826, Time: 00:04:44

Health: -11/54     AC:  4    Str: 25    XL:     6   Next: 52%
Magic:  5/5        EV:  9    Int:  6    God:
Gold:   143        SH:  0    Dex:  9    Spells: 5/5 levels left

rFire   . .          .
                       - Unarmed
rCold   . . .        (no shield)
rNeg    . . .        a - +0 animal skin
rPois   .            (helmet currently unavailable)
rElec   .            (cloak currently unavailable)
rCorr   .            (gloves unavailable)
SInv    .            (boots unavailable)
Will    +....        (no amulet)
Stlth   +            i - ring of willpower
HPRegen 1.09/turn    (no ring)
MPRegen 0.09/turn

%: no passive effects
@: beast-form
A: beast (slay +3), large, unfitting armour, claws 3, regeneration 1, shaggy fur
1, tough skin 1
a: Begin Untransformation


You were on level 4 of the Dungeon.
You were a hulking beast.
You visited 1 branch of the dungeon, and saw 4 of its levels.

You collected 143 gold pieces.

Inventory:

Missiles
 q - 3 datura-tipped darts (quivered)
Armour
 a - a +0 animal skin (worn)
Jewellery
 i - a ring of willpower (left claw)
Talismans
 c - a beast talisman
 d - a flux talisman
 k - a dragon-blood talisman
Scrolls
 e - 3 scrolls of identify {unknown}
 f - 2 scrolls of teleportation
 h - 2 scrolls of noise {unknown}
 j - a scroll of fear {unknown}
 o - a scroll of enchant armour {unknown}
 p - a scroll of enchant weapon {unknown}
 r - a scroll of poison {unknown}
Potions
 b - 2 potions of lignification
 g - 2 potions of enlightenment {unknown}
 l - a potion of curing {unknown}
 m - a potion of haste {unknown}
 n - a potion of mutation {unknown}


   Skills:
 - Level 0.7 Fighting
 - Level 1.5 Dodging
 - Level 3.0 Unarmed Combat
 + Level 6.9 Shapeshifting


You had 5 spell levels left.
You didn't know any spells.
Your spell library contained the following spells:

 Spells                   Type           Power      Damage    Failure   Level
 Kiss of Death            Conj/Necr      0%         2d5       45%         1
 Cigotuvi's Dreadful Rot  Necr/Alch/Air  0%         N/A       58%         2
 Mercury Vapours          Alch/Air       0%         N/A       58%         2
 Mephitic Cloud           Conj/Alch/Air  0%         N/A       83%         3
 Stone Arrow              Conj/Erth      0%         3d7       83%         3
 Vampiric Draining        Necr           0%         2d6       83%         3
 Animate Armour           Summ/Erth      0%         N/A       99%         4
 Curse of Agony           Necr           0%         N/A       100%        5
 Freezing Cloud           Conj/Ice/Air   0%         6-21      100%        5
 Lehudib's Crystal Spear  Conj/Erth      0%         10d2      100%        8


Dungeon Overview and Level Annotations

Branches:
Dungeon (4/15)
 Temple: D:4-7

Altars:
Elyvilon


Innate Abilities, Weirdness & Mutations

You are a hulking beast.
Your limbs bulge with bestial killing power. (Slay +3)
You are too large for most types of armour.
You have claws for hands.
Your natural rate of healing is unusually fast.
You are covered in fur. (AC +1)
You have tough skin. (AC +1)


Message History

You scratch the orc.
The orc is heavily wounded.
The orc hits you but does no damage.
You claw the orc!
You kill the orc!
Items here: $ ( ))) [[ †.
Throw: 5 darts (datura)
Press: ? - help, Q - select action Shift-Dir - straight line, f - orc warrior
Aim: an orc warrior, wielding a +0 scimitar and wearing a +0 plate armour (56% to hit, chance to frenzy on hit: 51%)
You throw a datura-tipped dart.
The datura-tipped dart closely misses the orc warrior.
The datura-tipped dart completely misses the orc.
The orc warrior hits you with a +0 scimitar.
Throw: 4 darts (datura)
Press: ? - help, Q - select action Shift-Dir - straight line, f/p - orc warrior
Aim: an orc warrior, wielding a +0 scimitar and wearing a +0 plate armour (56% to hit, chance to frenzy on hit: 51%)
You throw a datura-tipped dart.
The datura-tipped dart hits the orc warrior.
The orc warrior resists.
The orc warrior hits you with a +0 scimitar.
You scratch the orc warrior.
The orc warrior is moderately wounded.
The orc warrior hits you with a +0 scimitar.
You closely miss the orc warrior.
The orc warrior is moderately wounded.
The orc warrior barely misses you.
You closely miss the orc warrior.
The orc warrior is moderately wounded.
The orc warrior hits you with a +0 scimitar!!
You scratch the orc warrior but do no damage.
The orc warrior is moderately wounded.
The orc warrior barely misses you.
You claw the orc warrior!
The orc warrior is heavily wounded.
The orc warrior hits you with a +0 scimitar!!
* * * LOW HITPOINT WARNING * * *
You scratch the orc warrior.
The orc warrior is severely wounded.
The orc warrior hits you with a +0 scimitar!!
You die...

#.................+.....+.
###########.####.##.....##
#.....).)..........#.
#######.##.##########.####.
...........# # #.# ##
#######..#.# .## #.. ..
#.#####....# ##... #.#####
#.......##.# .8.# #.# #
#.########h#...#.. #.#
#######o#o..8.. .#
.......oo..{...
.....#..#..###. ....
##.#.## ... #.# # .. #.# .
#(. ###


You could see an orc warrior and 2 orcs.

Vanquished Creatures
  A scorpion (D:3)
  A bombardier beetle (D:4)
  2 orc priests (D:4)
  4 orc wizards
  3 adders
  5 dart slugs
  2 ribbon worms (D:2)
  11 orcs
  7 ball pythons
  3 bats (D:1)
  7 endoplasms
  3 giant cockroaches
  6 goblins
  7 hobgoblins
  4 quokkas
  3 frilled lizards
  7 kobolds
  5 rats
81 creatures vanquished.

Vanquished Creatures (others)
  An orc wizard (D:4)
1 creature vanquished.

Grand Total: 82 creatures vanquished

Notes
Turn   | Place    | Note
-------+----------+-------------------------------------------
     0 | D:1      | anacleto the Troll Shapeshifter began the quest for the
                  | Orb.
     0 | D:1      | Reached XP level 1. HP: 18/18 MP: 0/0
   239 | D:1      | Reached XP level 2. HP: 26/26 MP: 1/1
   495 | D:1      | Reached skill level 4 in Shapeshifting
   505 | D:1      | Reached XP level 3. HP: 32/32 MP: 2/2
   842 | D:2      | Found a white marble altar of Elyvilon.
  1023 | D:2      | Got the Codex of the Cemetery
  1689 | D:3      | Reached XP level 4. HP: 40/40 MP: 3/3
  1910 | D:3      | Reached skill level 5 in Shapeshifting
  1944 | D:3      | Reached XP level 5. HP: 45/46 MP: 4/4
  2066 | D:3      | Reached skill level 6 in Shapeshifting
  2718 | D:4      | Reached XP level 6. HP: 50/54 MP: 5/5
  2807 | D:4      | Noticed an orc warrior
  2826 | D:4      | Mangled by an orc warrior

Illustrated notes

Levels and vault maps discovered:
D:1:      kennysheep_arrival_forest, layout_loops_cross, minmay_misc_feat_x
D:2:      layout_basic, basic_altar
D:3:      layout_basic, minmay_bisected
D:4:      layout_basic, chequers_big_river, guppyfry_early_orc_mine, uniq_pikel,
          uniq_menkaure

Skill      XL: |  1  2  3  4  5 |
---------------+----------------+-----
Shapeshifting  | 4 5 6 |  6.9
Fighting       | |  0.7
Dodging        | |  1.5
Unarmed Combat | |  3.0

Action                     |  1- 3 |  4- 6 || total
---------------------------+-------+-------++-------
  Melee: Unarmed           |    86 |   118 ||   204
  Throw: Dart              |       |     3 ||     3
    Use: Scroll            |       |     1 ||     1
 Armour: Animal skin       |    64 |    65 ||   129
  Dodge: Dodged            |    46 |    37 ||    83

Table legend: (Time is in decaauts)
 A = Elapsed time spent in this place.
 B = Non-inter-level travel time spent in this place.
 C = Inter-level travel time spent in this place.
 D = Time resting spent in this place.
 E = Time spent auto-exploring this place.
 F = Levels seen in this place.
 G = Mean time per level.
                   A        B        C        D        E       F      G
               +--------+--------+--------+--------+--------+-----+--------+
         Total |   2812 |   2717 |     95 |      0 |   2068 |   4 |  703.0 |
       Dungeon |   2812 |   2717 |     95 |      0 |   2068 |   4 |  703.0 |
               +--------+--------+--------+--------+--------+-----+--------+

Top non-repeatable levels by time:
     D:3: 1066 daAuts
     D:2: 907 daAuts
     D:1: 700 daAuts
     D:4: 138 daAuts
